[Event "106th British-ch Major 2019"]
[Site "Torquay"]
[Date "2019.08.01"]
[Round "6.32"]
[White "Lim, Mark"]
[Black "Ruane, Brendan J"]
[Result "0-1"]
[ECO "B06"]
[WhiteElo "1822"]
[BlackElo "1904"]
[Annotator "NA"]
[PlyCount "77"]
[EventDate "2019.07.27"]
[EventType "swiss"]
[EventCountry "GBR"]
[SourceTitle "playchess.com"]
[Source "ChessBase"]
[SourceQuality "1"]
[TimeControl "40/5400+30:1800+30"]

1. d4 g6 2. Nf3 Bg7 3. e4 d6 4. Nbd2 a6 5. c3 Nd7 6. Be2 e6 7. O-O Ne7 8. Re1 b6 9. b3 Bb7 10. Bb2 h6 11. Bf1 g5 12. Nc4 Ng6 13. Qc2 g4 14. Nfd2 h5 15. Ne3 Qg5 16. a4 Nf6 17. a5 b5 18. c4 bxc4 19. Bxc4 O-O 20. d5 e5 21. Bf1 Rac8 22. Nf5 Nxe4 23. Nxg7 Qxd2 24. Qxe4 Kxg7 25. Qe2 Qxe2 26. Bxe2 Nf4 27. Bc4 Nxd5 28. Rad1 Nf4 29. Rxe5 dxe5 30. Bxe5+ f6 31. Bxf4 Rcd8 32. Ra1 Rd7 33. h3 gxh3 34. gxh3 h4 35. Kf1 Rfd8 36. Ke2 Re7+ 37. Be3 f5 38. Rg1+ Kf6 39. Rg5 0-1

[Event "106th British-ch Major 2019"]
[Site "Torquay"]
[Date "2019.08.01"]
[Round "6.33"]
[White "Morgan, Jamie"]
[Black "Lovell, William Pm"]
[Result "0-1"]
[ECO "B23"]
[WhiteElo "1894"]
[BlackElo "1777"]
[Annotator "NA"]
[PlyCount "88"]
[EventDate "2019.07.27"]
[EventType "swiss"]
[EventCountry "GBR"]
[SourceTitle "playchess.com"]
[Source "ChessBase"]
[SourceQuality "1"]
[TimeControl "40/5400+30:1800+30"]

1. e4 c5 2. Nc3 Nc6 3. f4 g6 4. Nf3 Bg7 5. Bb5 Nd4 6. O-O a6 7. Bd3 e6 8. b3 Ne7 9. Qe1 O-O 10. Rb1 d5 11. e5 Nec6 12. Nxd4 Nxd4 13. Ne2 Nxe2+ 14. Qxe2 f6 15. Bb2 Qc7 16. exf6 Bxf6 17. Be5 Bxe5 18. fxe5 Bd7 19. Qe3 Bb5 20. Rbe1 Bxd3 21. Qxd3 Rxf1+ 22. Qxf1 Rf8 23. Qe2 Rf5 24. g4 Rf4 25. Rf1 Re4 26. Qf3 Qg7 27. Qf6 Qxf6 28. Rxf6 Rxe5 29. Kf2 Kg7 30. Rf3 g5 31. c3 Re4 32. h3 e5 33. Kg3 Rf4 34. Rd3 d4 35. cxd4 exd4 36. h4 h6 37. hxg5 hxg5 38. Rf3 Rxf3+ 39. Kxf3 Kf6 40. Ke4 Ke6 41. b4 b6 42. bxc5 bxc5 43. d3 a5 44. a4 Kd6 0-1

[Event "106th British-ch Major 2019"]
[Site "Torquay"]
[Date "2019.08.01"]
[Round "6.34"]
[White "May, Paul"]
[Black "Forster, James Connor C"]
[Result "1/2-1/2"]
[ECO "D28"]
[WhiteElo "1832"]
[BlackElo "1831"]
[Annotator "NA"]
[PlyCount "47"]
[EventDate "2019.07.27"]
[EventType "swiss"]
[EventCountry "GBR"]
[SourceTitle "playchess.com"]
[Source "ChessBase"]
[SourceQuality "1"]
[TimeControl "40/5400+30:1800+30"]

1. d4 d5 2. c4 dxc4 3. e3 Nf6 4. Bxc4 e6 5. Nf3 a6 6. O-O b5 7. Bd3 Bb7 8. a4 b4 9. Qe2 c5 10. dxc5 Bxc5 11. Rd1 Qe7 12. b3 O-O 13. Nbd2 Nbd7 14. Bb2 Rfd8 15. Ng5 Bb6 16. Rac1 h6 17. Nge4 a5 18. Ng3 Nc5 19. Bxf6 Qxf6 20. Nde4 Nxe4 21. Bxe4 Bxe4 22. Nxe4 Qe5 23. Rxd8+ Rxd8 24. Qc4 1/2-1/2

[Event "106th British-ch Major 2019"]
[Site "Torquay"]
[Date "2019.08.01"]
[Round "6.35"]
[White "Renshaw, Lucas"]
[Black "Hussain, Adam"]
[Result "0-1"]
[ECO "C18"]
[WhiteElo "1596"]
[BlackElo "1515"]
[Annotator "NA"]
[PlyCount "114"]
[EventDate "2019.07.27"]
[EventType "swiss"]
[EventCountry "GBR"]
[SourceTitle "playchess.com"]
[Source "ChessBase"]
[SourceQuality "1"]
[TimeControl "40/5400+30:1800+30"]

1. e4 e6 2. d4 d5 3. Nc3 Bb4 4. e5 Ne7 5. a3 Bxc3+ 6. bxc3 c5 7. f4 Qc7 8. Nf3 b6 9. a4 Ba6 10. Bd3 Bxd3 11. Qxd3 Nd7 12. O-O Rc8 13. Ba3 Nb8 14. c4 Rd8 15. cxd5 Rxd5 16. Qb5+ Rd7 17. dxc5 bxc5 18. Qxc5 Qxc5+ 19. Bxc5 Na6 20. Bd6 Nf5 21. Ba3 Ne3 22. Rf2 Nc4 23. Bc1 Ke7 24. Nd2 Rc8 25. Nxc4 Rxc4 26. Ba3+ Ke8 27. Bd6 Nb4 28. f5 exf5 29. c3 Nc6 30. Rxf5 Ne7 31. Rf3 g6 32. Re1 Nf5 33. Bb4 Rd5 34. a5 Kd7 35. h3 h5 36. Kf2 Ke6 37. g3 a6 38. Rf4 Rxf4+ 39. gxf4 Rd3 40. Rh1 Ne7 41. Ke2 Rg3 42. c4 Nc6 43. Bc5 Kf5 44. Be3 Ke4 45. Bd2 Rg2+ 46. Kd1 Kd3 47. Bc1 Nxa5 48. c5 Nb3 49. h4 Nxc5 50. Rh3+ Ke4 51. Rc3 Nd3 52. Bd2 Rg4 53. Kc2 Nxf4 54. Re3+ Kf5 55. Be1 Ng2 56. Rf3+ Rf4 57. Rg3 Nxe1+ 0-1

[Event "106th British-ch Major 2019"]
[Site "Torquay"]
[Date "2019.08.02"]
[Round "7.1"]
[White "Taylor, Adam A"]
[Black "Clarke, Brandon Gi"]
[Result "1/2-1/2"]
[ECO "E68"]
[WhiteElo "2168"]
[BlackElo "2433"]
[Annotator "NA"]
[PlyCount "76"]
[EventDate "2019.07.27"]
[EventType "swiss"]
[EventCountry "GBR"]
[SourceTitle "playchess.com"]
[Source "ChessBase"]
[SourceQuality "1"]
[TimeControl "40/5400+30:1800+30"]

1. Nf3 Nf6 2. g3 g6 3. Bg2 Bg7 4. O-O O-O 5. d4 d6 6. c4 Nbd7 7. Nc3 e5 8. e4 exd4 9. Nxd4 Nc5 10. Re1 Re8 11. h3 Bd7 12. Nb3 Na4 13. Nxa4 Bxa4 14. Bd2 Nd7 15. Qc2 Qe7 16. Bc3 Qf8 17. Rad1 Re7 18. Bd4 Rae8 19. Re3 h5 20. Qc3 h4 21. gxh4 Ne5 22. f4 Nc6 23. Bxg7 Qxg7 24. h5 Qxc3 25. Rxc3 Nb4 26. hxg6 fxg6 27. Rg3 Kh7 28. h4 Rf8 29. Rf1 b5 30. Nd4 bxc4 31. f5 Rf6 32. Rc1 Nd3 33. Rxc4 Nxb2 34. Rb4 c5 35. Rxb2 cxd4 36. Rb4 Be8 37. fxg6+ Bxg6 38. Rxd4 Rf4 1/2-1/2

[Event "106th British-ch Major 2019"]
[Site "Torquay"]
[Date "2019.08.02"]
[Round "7.2"]
[White "Payne, Matthew J"]
[Black "Cleary, Mark"]
[Result "1/2-1/2"]
[ECO "C45"]
[WhiteElo "2168"]
[BlackElo "2023"]
[Annotator "NA"]
[PlyCount "57"]
[EventDate "2019.07.27"]
[EventType "swiss"]
[EventCountry "GBR"]
[SourceTitle "playchess.com"]
[Source "ChessBase"]
[SourceQuality "1"]
[TimeControl "40/5400+30:1800+30"]

1. e4 e5 2. Nf3 Nc6 3. d4 exd4 4. Nxd4 Nf6 5. Nxc6 bxc6 6. e5 Qe7 7. Qe2 Nd5 8. c4 Nb6 9. Nc3 Qe6 10. Qe4 d5 11. exd6 Qxe4+ 12. Nxe4 cxd6 13. Bf4 d5 14. cxd5 Nxd5 15. Bd2 Bf5 16. Bd3 Bxe4 17. Bxe4 Bb4 18. O-O-O Bxd2+ 19. Rxd2 O-O-O 20. Rhd1 Ne7 21. Rxd8+ Rxd8 22. Rxd8+ Kxd8 23. Kd2 Kd7 24. Kc3 f5 25. Bf3 Ng6 26. Kd4 Kd6 27. Be2 Nf4 28. Bf1 Nd5 29. g3 {[%emt 0:02:17] Ke5+ Ke4+} 1/2-1/2

[Event "106th British-ch Major 2019"]
[Site "Torquay"]
[Date "2019.08.02"]
[Round "7.3"]
[White "Gardiner, Eric D"]
[Black "Graham, David B"]
[Result "0-1"]
[ECO "A45"]
[WhiteElo "1957"]
[BlackElo "2162"]
[Annotator "NA"]
[PlyCount "110"]
[EventDate "2019.07.27"]
[EventType "swiss"]
[EventCountry "GBR"]
[SourceTitle "playchess.com"]
[Source "ChessBase"]
[SourceQuality "1"]
[TimeControl "40/5400+30:1800+30"]

1. d4 Nf6 2. Bg5 e6 3. e4 h6 4. Bxf6 Qxf6 5. c3 d5 6. Nd2 c5 7. Ngf3 cxd4 8. Nxd4 Bc5 9. N2b3 Bxd4 10. Nxd4 O-O 11. exd5 exd5 12. Be2 Nc6 13. O-O Be6 14. Qa4 Nxd4 15. cxd4 Rfc8 16. Rac1 Qf4 17. Rc3 Qd2 18. Qb5 a6 19. Qd3 Qxb2 20. Rb3 Qxa2 21. Rxb7 Qc2 22. Qxc2 Rxc2 23. Bd3 Rc3 24. Rd1 a5 25. f4 Bg4 26. Rd2 Rc1+ 27. Kf2 Rd1 28. Rxd1 Bxd1 29. Ke1 Bh5 30. Kd2 a4 31. Kc1 Kf8 32. Kb2 Bd1 33. Rb5 Bb3 34. Ka3 Rc8 35. Rc5 Ra8 36. Bb5 Ke7 37. Bc6 Ra6 38. Bxd5 Bxd5 39. Rxd5 Rd6 40. Re5+ Kf6 41. d5 g5 42. g3 gxf4 43. gxf4 Kg6 44. h4 f6 45. h5+ Kf7 46. Rf5 Ra6 47. d6 Rxd6 48. Rb5 Rd4 49. f5 Rh4 50. Rb7+ Kf8 51. Rb8+ Ke7 52. Rb7+ Kd6 53. Rb6+ Ke5 54. Rb5+ Kf4 55. Kxa4 Rxh5 0-1

[Event "106th British-ch Major 2019"]
[Site "Torquay"]
[Date "2019.08.02"]
[Round "7.4"]
[White "Ashworth, Michael J"]
[Black "Turner, Max N"]
[Result "1/2-1/2"]
[ECO "D57"]
[WhiteElo "1957"]
[BlackElo "2026"]
[Annotator "NA"]
[PlyCount "122"]
[EventDate "2019.07.27"]
[EventType "swiss"]
[EventCountry "GBR"]
[SourceTitle "playchess.com"]
[Source "ChessBase"]
[SourceQuality "1"]
[TimeControl "40/5400+30:1800+30"]

1. d4 d5 2. c4 e6 3. Nc3 Be7 4. Nf3 Nf6 5. Bg5 O-O 6. e3 h6 7. Bh4 Ne4 8. Bxe7 Qxe7 9. cxd5 Nxc3 10. bxc3 exd5 11. Bd3 b6 12. O-O Bb7 13. a4 c5 14. Qb1 cxd4 15. cxd4 Nc6 16. Rc1 Rac8 17. Bh7+ Kh8 18. Bf5 Rcd8 19. Nd2 g6 20. Bd3 Rc8 21. Bb5 Na5 22. Qb2 Qd6 23. Nf3 Kg7 24. Ne5 Rxc1+ 25. Rxc1 Rc8 26. Rxc8 Bxc8 27. Qc3 Be6 28. h3 Qb8 29. Nd3 Qc8 30. Qxc8 Bxc8 31. Nb4 Bb7 32. Kf1 Kf6 33. Ke2 Ke6 34. Kd3 Kd6 35. Be8 Nc6 36. Nxd5 Kxd5 37. Bxf7+ Kd6 38. Bxg6 Ne7 39. Be4 Bxe4+ 40. Kxe4 Nd5 41. Kd3 h5 42. g3 Nb4+ 43. Kc4 Nc2 44. e4 a6 45. f4 b5+ 46. axb5 axb5+ 47. Kc3 Ne3 48. f5 Nf1 49. e5+ Kd5 50. f6 Ke6 51. d5+ Kf7 52. g4 hxg4 53. hxg4 Ne3 54. d6 Ke6 55. g5 Ng4 56. d7 Kxd7 57. g6 Ke8 58. f7+ Kf8 59. e6 Ne5 60. Kb4 Nxg6 61. Kxb5 Nf4 1/2-1/2

[Event "106th British-ch Major 2019"]
[Site "Torquay"]
[Date "2019.08.02"]
[Round "7.5"]
[White "Miller, Dominic"]
[Black "Hagesaether, Arne"]
[Result "1/2-1/2"]
[ECO "B14"]
[WhiteElo "2140"]
[BlackElo "2046"]
[Annotator "NA"]
[PlyCount "56"]
[EventDate "2019.07.27"]
[EventType "swiss"]
[EventCountry "GBR"]
[SourceTitle "playchess.com"]
[Source "ChessBase"]
[SourceQuality "1"]
[TimeControl "40/5400+30:1800+30"]

1. e4 c6 2. d4 d5 3. exd5 cxd5 4. c4 Nf6 5. Nc3 g6 6. Qb3 Bg7 7. cxd5 O-O 8. Be2 Na6 9. Bf3 b5 10. d6 Rb8 11. dxe7 Re8 12. Nge2 Qxe7 13. Bf4 Be6 14. Qa3 Nb4 15. O-O Rb6 16. d5 Nfxd5 17. Nxd5 Bxd5 18. Bxd5 Nxd5 19. Qxe7 Rxe7 20. Rad1 Rxe2 21. Rxd5 Bxb2 22. Be3 Rb7 23. Rb1 f6 24. Kf1 Rc2 25. Rd8+ Kf7 26. Ra8 Be5 27. a4 b4 28. Rxa7 Rxa7 1/2-1/2

[Event "106th British-ch Major 2019"]
[Site "Torquay"]
[Date "2019.08.02"]
[Round "7.6"]
[White "Balaji, Aaravamudhan"]
[Black "Pollack, Oscar"]
[Result "1-0"]
[ECO "A50"]
[WhiteElo "2034"]
[BlackElo "2088"]
[Annotator "NA"]
[PlyCount "75"]
[EventDate "2019.07.27"]
[EventType "swiss"]
[EventCountry "GBR"]
[SourceTitle "playchess.com"]
[Source "ChessBase"]
[SourceQuality "1"]
[TimeControl "40/5400+30:1800+30"]

1. d4 Nf6 2. c4 Nc6 3. Nc3 e5 4. d5 Ne7 5. e4 Ng6 6. g3 Bc5 7. Bg2 d6 8. h3 O-O 9. Nge2 c6 10. O-O a5 11. Rb1 Bd7 12. a3 cxd5 13. b4 axb4 14. axb4 Bb6 15. Bg5 Qc8 16. Bxf6 gxf6 17. Nxd5 Bd8 18. Ne3 Bxh3 19. Nc3 Bxg2 20. Kxg2 Kh8 21. Rh1 Rg8 22. Rxh7+ Kxh7 23. Qh5+ Kg7 24. Nf5+ Kf8 25. Qh6+ Ke8 26. Nxd6+ Ke7 27. Nxc8+ Rxc8 28. Nd5+ Ke8 29. c5 Ra8 30. b5 f5 31. exf5 Nh4+ 32. Kf1 Nxf5 33. Nf6+ Bxf6 34. Qxf6 Nd4 35. Qxe5+ Ne6 36. c6 bxc6 37. bxc6 Rc8 38. Qd6 1-0

[Event "106th British-ch Major 2019"]
[Site "Torquay"]
[Date "2019.08.02"]
[Round "7.7"]
[White "Sugden, John N"]
[Black "Lentzos, Ioannis"]
[Result "1/2-1/2"]
[ECO "E24"]
[WhiteElo "2068"]
[BlackElo "2043"]
[Annotator "NA"]
[PlyCount "88"]
[EventDate "2019.07.27"]
[EventType "swiss"]
[EventCountry "GBR"]
[SourceTitle "playchess.com"]
[Source "ChessBase"]
[SourceQuality "1"]
[TimeControl "40/5400+30:1800+30"]

1. d4 Nf6 2. c4 e6 3. Nc3 Bb4 4. a3 Bxc3+ 5. bxc3 c5 6. f3 Nc6 7. e4 b6 8. Be3 O-O 9. Bd3 d6 10. Ne2 Ba6 11. Ng3 Na5 12. Qe2 Nd7 13. O-O Rc8 14. Rac1 Qc7 15. f4 cxd4 16. cxd4 Bxc4 17. f5 Bxd3 18. Qxd3 Qb7 19. Bd2 Rxc1 20. Rxc1 Rc8 21. Rf1 Nc4 22. fxe6 fxe6 23. Bc1 b5 24. Nh5 Rf8 25. Qg3 Rxf1+ 26. Kxf1 Nf8 27. Kg1 Qf7 28. Nf4 Qf6 29. Ne2 d5 30. exd5 exd5 31. h3 h6 32. Qc7 Qe6 33. Kf2 a6 34. Qb8 Qf5+ 35. Ke1 Kh7 36. Qb7 Ng6 37. Qc7 Qe4 38. Qg3 Nh4 39. Kf2 a5 40. Bf4 Nf5 41. Qc3 Nh4 42. Qg3 Nf5 43. Qc3 Qb1 44. Qf3 Nb2 1/2-1/2

[Event "106th British-ch Major 2019"]
[Site "Torquay"]
[Date "2019.08.02"]
[Round "7.8"]
[White "Forster, Matthew"]
[Black "Taylor, William J"]
[Result "1-0"]
[ECO "A24"]
[WhiteElo "1825"]
[BlackElo "2062"]
[Annotator "NA"]
[PlyCount "51"]
[EventDate "2019.07.27"]
[EventType "swiss"]
[EventCountry "GBR"]
[SourceTitle "playchess.com"]
[Source "ChessBase"]
[SourceQuality "1"]
[TimeControl "40/5400+30:1800+30"]

1. c4 Nf6 2. g3 g6 3. Bg2 Bg7 4. Nc3 O-O 5. e3 d6 6. Nge2 e5 7. d3 c6 8. e4 a5 9. O-O Na6 10. h3 Rb8 11. b3 b5 12. Be3 Nc7 13. Rc1 d5 14. cxd5 cxd5 15. d4 Nxe4 16. Qc2 Ne6 17. dxe5 Bxe5 18. Nxd5 Qxd5 19. Bxe4 Qd7 20. Rfd1 Qe7 21. f4 f5 22. Bd5 Bd6 23. Nd4 Bd7 24. Bxe6+ Bxe6 25. Nc6 Qb7 26. Rxd6 1-0

[Event "106th British-ch Major 2019"]
[Site "Torquay"]
[Date "2019.08.02"]
[Round "7.9"]
[White "Ethelontis, Alexandros N"]
[Black "Hosdurga, Chirag"]
[Result "0-1"]
[ECO "A25"]
[WhiteElo "2154"]
[BlackElo "1926"]
[Annotator "NA"]
[PlyCount "79"]
[EventDate "2019.07.27"]
[EventType "swiss"]
[EventCountry "GBR"]
[SourceTitle "playchess.com"]
[Source "ChessBase"]
[SourceQuality "1"]
[TimeControl "40/5400+30:1800+30"]

1. c4 e5 2. g3 Nf6 3. Bg2 Nc6 4. Nc3 Bc5 5. e3 O-O 6. Nge2 Re8 7. O-O d6 8. a3 Bg4 9. h3 Bh5 10. g4 Bg6 11. d4 Bb6 12. b4 a6 13. Bb2 Qc8 14. Nd5 Nxd5 15. cxd5 Nb8 16. dxe5 dxe5 17. Rc1 Nd7 18. Qb3 Nf6 19. Nc3 h5 20. g5 Nh7 21. Na4 Ba7 22. h4 Qg4 23. Rc4 e4 24. Qc3 f6 25. Rxc7 b5 26. gxf6 gxf6 27. Rxh7 Kxh7 28. Qxf6 Bf5 29. Rc1 Bd7 30. Qf7+ Kh6 31. Bf6 Rg8 32. Bg5+ Rxg5 33. hxg5+ Qxg5 34. Qxd7 Rg8 35. Rc6+ Rg6 36. Rxg6+ Qxg6 37. Nc5 Qg4 38. Qxg4 hxg4 39. Bxe4 Bxc5 40. bxc5 0-1

[Event "106th British-ch Major 2019"]
[Site "Torquay"]
[Date "2019.08.02"]
[Round "7.10"]
[White "Price, Gwilym T"]
[Black "Rushbrooke, Remy"]
[Result "1-0"]
[ECO "C30"]
[WhiteElo "2138"]
[BlackElo "1963"]
[Annotator "NA"]
[PlyCount "89"]
[EventDate "2019.07.27"]
[EventType "swiss"]
[EventCountry "GBR"]
[SourceTitle "playchess.com"]
[Source "ChessBase"]
[SourceQuality "1"]
[TimeControl "40/5400+30:1800+30"]

1. e4 e5 2. Nc3 Nf6 3. Bc4 Bc5 4. f4 d6 5. Nf3 O-O 6. d3 c6 7. fxe5 dxe5 8. Qe2 b5 9. Bb3 Nbd7 10. a4 b4 11. Nd1 h6 12. Ne3 Re8 13. O-O Nf8 14. Kh1 Be6 15. Bxe6 Nxe6 16. Nf5 Nd4 17. N3xd4 exd4 18. Qf3 Re6 19. b3 Qf8 20. g4 Nd7 21. h4 Ne5 22. Qh3 Rd8 23. Rf2 a5 24. Bd2 Qe8 25. Rg1 Rd7 26. Qf1 Bf8 27. Qd1 c5 28. g5 h5 29. Qxh5 c4 30. bxc4 b3 31. Qe2 bxc2 32. Bf4 Nxc4 33. dxc4 d3 34. Qg4 Rxe4 35. Nh6+ Kh8 36. Nxf7+ Rxf7 37. Qh5+ Kg8 38. g6 Bc5 39. Qh7+ Kf8 40. Bd6+ Bxd6 41. Rxf7+ Qxf7 42. gxf7 Rxh4+ 43. Qxh4 d2 44. Qh8+ Kxf7 45. Qxg7+ 1-0

[Event "106th British-ch Major 2019"]
[Site "Torquay"]
[Date "2019.08.02"]
[Round "7.11"]
[White "Barton, R Alan"]
[Black "Eames, Robert S"]
[Result "0-1"]
[ECO "A48"]
[WhiteElo "1941"]
[BlackElo "2136"]
[Annotator "NA"]
[PlyCount "104"]
[EventDate "2019.07.27"]
[EventType "swiss"]
[EventCountry "GBR"]
[SourceTitle "playchess.com"]
[Source "ChessBase"]
[SourceQuality "1"]
[TimeControl "40/5400+30:1800+30"]

1. Nf3 c5 2. c3 Nf6 3. d4 b6 4. Bf4 Bb7 5. e3 g6 6. Nbd2 Bg7 7. Bc4 O-O 8. O-O d5 9. Be2 Nh5 10. Be5 Nd7 11. Bxg7 Nxg7 12. a4 a6 13. Qb3 Nf5 14. Rfe1 c4 15. Qb4 Nd6 16. Bf1 a5 17. Qa3 b5 18. axb5 Nxb5 19. Qa4 Bc6 20. Qc2 f5 21. Ng5 Nc7 22. Ndf3 h6 23. Nh3 g5 24. Ne5 Nxe5 25. dxe5 Qb8 26. g4 e6 27. f4 Ne8 28. gxf5 Rxf5 29. Bg2 Ng7 30. Rad1 Qb6 31. Rd4 Rb8 32. Re2 Be8 33. Kh1 Bh5 34. Red2 g4 35. Nf2 g3 36. hxg3 Bg6 37. e4 Rh5+ 38. Kg1 Rf8 39. g4 Rh4 40. f5 dxe4 41. f6 Nf5 42. gxf5 exf5 43. Rd6 Qe3 44. Rd8 Qe1+ 45. Bf1 e3 46. Rxf8+ Kxf8 47. Rd8+ Be8 48. Rxe8+ Kxe8 49. Qa4+ Kf8 50. Qc2 exf2+ 51. Kg2 Rg4+ 52. Kf3 Qxf1 0-1

[Event "106th British-ch Major 2019"]
[Site "Torquay"]
[Date "2019.08.02"]
[Round "7.12"]
[White "Cocks, Elliot"]
[Black "Shaw, Peter"]
[Result "1/2-1/2"]
[ECO "A96"]
[WhiteElo "1907"]
[BlackElo "2068"]
[Annotator "NA"]
[PlyCount "53"]
[EventDate "2019.07.27"]
[EventType "swiss"]
[EventCountry "GBR"]
[SourceTitle "playchess.com"]
[Source "ChessBase"]
[SourceQuality "1"]
[TimeControl "40/5400+30:1800+30"]

1. Nf3 f5 2. c4 Nf6 3. g3 e6 4. Bg2 Be7 5. O-O O-O 6. Nc3 d6 7. d4 Ne4 8. Nxe4 fxe4 9. Nd2 d5 10. f3 Nc6 11. fxe4 Rxf1+ 12. Kxf1 dxc4 13. Nf3 b5 14. Be3 Qe8 15. b3 c3 16. a3 a5 17. Qc2 b4 18. axb4 Bxb4 19. Kg1 Bb7 20. e5 h6 21. Nh4 Rb8 22. Bf2 Ne7 23. Nf3 Qg6 24. Qxg6 Nxg6 25. Ne1 Bxg2 26. Kxg2 Ne7 27. Nd3 1/2-1/2

[Event "106th British-ch Major 2019"]
[Site "Torquay"]
[Date "2019.08.02"]
[Round "7.13"]
[White "Rogacewicz, Mikolaj"]
[Black "Menadue, Jeremy Fs"]
[Result "1-0"]
[ECO "A64"]
[WhiteElo "1925"]
[BlackElo "2016"]
[Annotator "NA"]
[PlyCount "89"]
[EventDate "2019.07.27"]
[EventType "swiss"]
[EventCountry "GBR"]
[SourceTitle "playchess.com"]
[Source "ChessBase"]
[SourceQuality "1"]
[TimeControl "40/5400+30:1800+30"]

1. d4 Nf6 2. c4 e6 3. g3 c5 4. d5 exd5 5. cxd5 d6 6. Nc3 g6 7. Bg2 Bg7 8. Nf3 O-O 9. O-O a6 10. a4 Re8 11. h3 Nbd7 12. Nd2 Rb8 13. Nc4 Nb6 14. Na3 Bd7 15. Re1 Qc7 16. e4 Nc8 17. Qd3 Na7 18. Nc4 Rbd8 19. Bf4 Nc8 20. a5 h6 21. g4 Nh7 22. Qg3 Bb5 23. Na3 g5 24. Bd2 Bd7 25. Nc4 Bb5 26. Ne3 Be5 27. Qf3 Qe7 28. Nf5 Qf6 29. Bf1 Bd7 30. Bd3 Qg6 31. Ra3 Ne7 32. Rb3 Bc8 33. Na4 Rd7 34. Nb6 Rc7 35. Bc3 Nxf5 36. exf5 Qf6 37. Bxe5 Rxe5 38. Rxe5 Qxe5 39. Qe4 Qxe4 40. Bxe4 Nf6 41. Bf3 Bd7 42. Nc4 Ne8 43. Rb6 Bc8 44. Nxd6 Nxd6 45. Rxd6 1-0

[Event "106th British-ch Major 2019"]
[Site "Torquay"]
[Date "2019.08.02"]
[Round "7.14"]
[White "Akeya-Price, Robert A"]
[Black "Rathbone-Jones, Ifan"]
[Result "1-0"]
[ECO "D12"]
[WhiteElo "1974"]
[BlackElo "1855"]
[Annotator "NA"]
[PlyCount "87"]
[EventDate "2019.07.27"]
[EventType "swiss"]
[EventCountry "GBR"]
[SourceTitle "playchess.com"]
[Source "ChessBase"]
[SourceQuality "1"]
[TimeControl "40/5400+30:1800+30"]

1. d4 d5 2. Nf3 Bf5 3. c4 c6 4. e3 Nf6 5. Bd3 Ne4 6. O-O e6 7. b3 Nd7 8. Bb2 Bd6 9. Qc2 Bg6 10. Nbd2 f5 11. Ne5 Nxd2 12. Qxd2 Qc7 13. Qc3 O-O 14. b4 Rac8 15. Rac1 Bxe5 16. dxe5 Qd8 17. Qd4 Qb6 18. Qxb6 Nxb6 19. Bd4 Nd7 20. cxd5 exd5 21. f4 a6 22. g4 h5 23. h3 Rce8 24. Rc2 Re6 25. a4 hxg4 26. hxg4 Bh7 27. Rh2 g6 28. gxf5 gxf5 29. Kf2 Rf7 30. Rfh1 Bg6 31. Rh8+ Kg7 32. Rc8 Nf8 33. Bc5 Nd7 34. Rhh8 Bh7 35. Bd6 Nb6 36. Rce8 Rxe8 37. Rxe8 Rd7 38. Bc5 Bg6 39. Rb8 Nc4 40. e6 Rc7 41. Bxc4 dxc4 42. Bd6 c3 43. Bxc7 c2 44. Be5+ 1-0

[Event "106th British-ch Major 2019"]
[Site "Torquay"]
[Date "2019.08.02"]
[Round "7.15"]
[White "Ward, Andy"]
[Black "Cusick, Peter W"]
[Result "1-0"]
[ECO "D00"]
[WhiteElo "1822"]
[BlackElo "1971"]
[Annotator "NA"]
[PlyCount "69"]
[EventDate "2019.07.27"]
[EventType "swiss"]
[EventCountry "GBR"]
[SourceTitle "playchess.com"]
[Source "ChessBase"]
[SourceQuality "1"]
[TimeControl "40/5400+30:1800+30"]

1. d4 Nf6 2. Nc3 d5 3. Bf4 c6 4. e3 g6 5. h4 h5 6. Qd2 Bg7 7. O-O-O b5 8. f3 a5 9. Bd3 Nbd7 10. Nh3 Nb6 11. Ng5 b4 12. Ne2 Nc4 13. Bxc4 dxc4 14. e4 e6 15. c3 bxc3 16. Nxc3 O-O 17. g4 hxg4 18. fxg4 e5 19. Bxe5 Bxg4 20. Rdf1 Nh5 21. Bxg7 Kxg7 22. Rhg1 Bd7 23. Qe2 Nf6 24. Qxc4 Rb8 25. h5 Rb4 26. h6+ Kxh6 27. Qxf7 Rxb2 28. Kxb2 Qb6+ 29. Qb3 Qc7 30. Ka1 Rb8 31. Qf7 Qb6 32. Rf2 Ng4 33. Qxd7 Rb7 34. Qxg4 Qxd4 35. Qh4+ 1-0

[Event "106th British-ch Major 2019"]
[Site "Torquay"]
[Date "2019.08.02"]
[Round "7.16"]
[White "Warren, Alex M"]
[Black "Foster, Timothy"]
[Result "1-0"]
[ECO "A45"]
[WhiteElo "1967"]
[BlackElo "1852"]
[Annotator "NA"]
[PlyCount "123"]
[EventDate "2019.07.27"]
[EventType "swiss"]
[EventCountry "GBR"]
[SourceTitle "playchess.com"]
[Source "ChessBase"]
[SourceQuality "1"]
[TimeControl "40/5400+30:1800+30"]

1. d4 Nf6 2. Bf4 c5 3. d5 d6 4. Nc3 e5 5. Bg3 Be7 6. e4 h5 7. h4 Qb6 8. Rb1 Qa5 9. Qd2 a6 10. a4 Qb4 11. Bd3 Nbd7 12. b3 Nf8 13. Nf3 Ng6 14. Nd1 Qxd2+ 15. Nxd2 Rb8 16. a5 Nd7 17. Ne3 b5 18. axb6 Nxb6 19. Ra1 Nf4 20. Bc4 O-O 21. f3 g6 22. Bf2 f5 23. g3 fxe4 24. Nxe4 Nh3 25. Ke2 Nxf2 26. Nxf2 Ra8 27. Ne4 a5 28. Nc3 Bd7 29. Bb5 Rfb8 30. Bxd7 Nxd7 31. Nc4 Kf7 32. Rxa5 Rxa5 33. Nxa5 Ra8 34. Nc4 Nf6 35. Rd1 Ra6 36. Ne4 Nxe4 37. fxe4 Ra2 38. Kd3 Ra6 39. Rf1+ Kg7 40. Kc3 Ra2 41. b4 cxb4+ 42. Kb3 Ra8 43. Kxb4 Rb8+ 44. Kc3 Rf8 45. Rxf8 Kxf8 46. Kb4 Ke8 47. Kb5 Kd7 48. Nd2 g5 49. hxg5 Bxg5 50. Nf3 Be3 51. Nh4 Bf2 52. Nf5 Kc7 53. Kc4 Be1 54. Kd3 Kb6 55. Ke2 Bb4 56. Ng7 Kc5 57. Nxh5 Kd4 58. Nf6 Ba5 59. Kf3 Bd8 60. Ne8 Be7 61. g4 Kc3 62. Ng7 1-0

[Event "106th British-ch Major 2019"]
[Site "Torquay"]
[Date "2019.08.02"]
[Round "7.17"]
[White "Sheerin, Alex"]
[Black "Chapman, Matt"]
[Result "0-1"]
[ECO "D00"]
[WhiteElo "1845"]
[BlackElo "1957"]
[Annotator "NA"]
[PlyCount "84"]
[EventDate "2019.07.27"]
[EventType "swiss"]
[EventCountry "GBR"]
[SourceTitle "playchess.com"]
[Source "ChessBase"]
[SourceQuality "1"]
[TimeControl "40/5400+30:1800+30"]

1. d4 d5 2. Nc3 Nf6 3. Bf4 c5 4. e4 Nxe4 5. Nxe4 dxe4 6. d5 Nd7 7. Qd2 g6 8. O-O-O Bg7 9. Bh6 O-O 10. h4 Nf6 11. h5 Bxh6 12. Qxh6 Qd6 13. Be2 Nxh5 14. g4 Qf4+ 15. Qxf4 Nxf4 16. g5 f6 17. Bc4 Kg7 18. gxf6+ exf6 19. f3 exf3 20. Nxf3 Bg4 21. Rdf1 Bxf3 22. Rxf3 g5 23. Re3 Rfe8 24. Rhe1 Kf8 25. d6 Rxe3 26. Rxe3 Rd8 27. Re7 Rxd6 28. Rxb7 h5 29. Rxa7 h4 30. a4 h3 31. a5 g4 32. a6 h2 33. Rf7+ Ke8 34. Rh7 Nh3 35. Rh8+ Ke7 36. Rh7+ Kd8 37. Rh8+ Kc7 38. Rh7+ Kc6 39. b4 h1=Q+ 40. Kb2 cxb4 41. a7 Rd8 42. Ba6 Kb6 0-1

[Event "106th British-ch Major 2019"]
[Site "Torquay"]
[Date "2019.08.02"]
[Round "7.18"]
[White "Rushbrooke, Tibo"]
[Black "Rice, Chris B"]
[Result "0-1"]
[ECO "C47"]
[WhiteElo "1700"]
[BlackElo "2040"]
[Annotator "NA"]
[PlyCount "54"]
[EventDate "2019.07.27"]
[EventType "swiss"]
[EventCountry "GBR"]
[SourceTitle "playchess.com"]
[Source "ChessBase"]
[SourceQuality "1"]
[TimeControl "40/5400+30:1800+30"]

1. e4 e5 2. Nf3 Nc6 3. Nc3 Nf6 4. d4 exd4 5. Nxd4 Bb4 6. Nxc6 bxc6 7. Bd3 O-O 8. O-O d5 9. exd5 cxd5 10. Bg5 c6 11. Qf3 Rb8 12. Nd1 Re8 13. h3 Bd6 14. b3 Be5 15. Rb1 Qd6 16. Ne3 Ne4 17. Bxe4 dxe4 18. Qe2 Qg6 19. f4 exf3 20. Qxf3 Ba6 21. Bf4 Bxf1 22. Rxf1 Bxf4 23. Qxf4 Rbd8 24. Rf2 h6 25. Nc4 Rd1+ 26. Rf1 Rxf1+ 27. Qxf1 Qxc2 0-1